[Event "WA State Championship"]
[Site "Legacy House, South Perth"]
[Date "2005.07.03"]
[Round "1"]
[White "Barber, H"]
[Black "Hessing, R"]
[Result "1-0"]
[WhiteElo "2143"]
[BlackElo "1663"]
[ECO "B01"]
[EventDate "2005.07.03"]
[TimeControl "5400+60"]

1.e4 d5 2.exd5 Qxd5 3.Nc3 Qa5 4.Bc4 Nf6 5.d3 Bg4 6.f3 Bh5 7.Ne2 e6 8.O-O 
c6 9.Nf4 Bg6 10.Kh1 Be7 11.Qe2 Qc7 12.Bd2 Nd5 13.Bxd5 cxd5 14.Rfe1 Nc6 15.
Rab1 O-O-O 16.b4 Bf6 17.b5 Nd4 18.Qf2 Nxf3 19.b6 axb6 20.Nb5 1-0

[Event "WA State Championship"]
[Site "Legacy House, South Perth"]
[Date "2005.07.03"]
[Round "1"]
[White "Janceski, A"]
[Black "Hare, T"]
[Result "0-1"]
[WhiteElo "1662"]
[BlackElo "2097"]
[ECO "A43"]
[EventDate "2005.07.03"]
[TimeControl "5400+60"]

1.d4 c5 2.Nf3 cxd4 3.Nxd4 Nf6 4.Nc3 e5 5.Nb3 Bb4 6.Bd2 O-O 7.a3 Be7 8.e4 
Nc6 9.Be3 d6 10.Be2 Be6 11.O-O a6 12.f3 Rc8 13.Qd2 d5 14.exd5 Nxd5 15.Nxd5
Bxd5 16.Nc1 Nd4 17.Bd3 f5 18.c3 Ne6 19.Re1 Qd6 20.Qc2 g6 21.Ne2 Qc6 22.Qd2
Rfd8 23.Qc1 Bxf3 24.Bc4 Qxc4 25.gxf3 Rd3 26.Kg2 f4 27.Bf2 Rxf3 28.Ng1 
Rxf2+ 29.Kxf2 Bh4+ 30.Kg2 Bxe1 31.Qxe1 e4 32.Rd1 Rf8 33.Nh3 f3+ 34.Kh1 Qe2
35.Nf2 e3 0-1

[Event "WA State Championship"]
[Site "Legacy House, South Perth"]
[Date "2005.07.03"]
[Round "1"]
[White "Ellis, D"]
[Black "Pavlovic, M"]
[Result "1-0"]
[WhiteElo "1981"]
[BlackElo "1663"]
[ECO "D00"]
[EventDate "2005.07.03"]
[TimeControl "5400+60"]

1.d4 d5 2.e3 c6 3.Bd3 Nf6 4.Nd2 g6 5.f4 Bg7 6.Ngf3 Bg4 7.h3 Bxf3 8.Qxf3 e6
9.O-O Nbd7 10.c3 O-O 11.Rf2 c5 12.Nf1 c4 13.Bc2 b5 14.Bd2 Ne8 15.g4 f5 16.
g5 Nd6 17.h4 Nb6 18.h5 Rf7 19.Rh2 Bf8 20.Qh3 Rg7 21.Re1 Kf7 22.Bc1 Rg8 23.
Nd2 Bg7 24.Nf3 Nd7 25.Ree2 Ke7 26.Qf1 Qe8 27.Kh1 a5 28.Rh4 Rh8 29.Reh2 Nf7
30.b3 Nb6 31.Ba3+ Kd8 32.Qh3 Nd7 33.Qg2 Rg8 34.hxg6 hxg6 35.bxc4 bxc4 36.
Ba4 Bf8 37.Qb2 Bxa3 38.Qxa3 Qe7 39.Qc1 Nb6 40.Bd1 Kc7 41.Rh7 Rh8 42.Ne5 
Rxh7 43.Rxh7 Rh8 44.Rxh8 Nxh8 45.Kg2 Nd7 46.Nxd7 Qxd7 47.Qa3 Kb6 48.Ba4 
Qc7 49.Qb2+ Ka7 50.Qb5 Nf7 51.Qd7 Kb8 52.Qxe6 Qb7 53.Qe8+ 1-0

[Event "WA State Championship"]
[Site "Legacy House, South Perth"]
[Date "2005.07.03"]
[Round "1"]
[White "Choong, Y"]
[Black "Maris, R"]
[Result "1-0"]
[WhiteElo "1633"]
[BlackElo "1939"]
[ECO "B50"]
[EventDate "2005.07.03"]
[TimeControl "5400+60"]

1.e4 c5 2.Nf3 d6 3.c3 Nf6 4.h3 Nc6 5.Bd3 d5 6.e5 Ne4 7.Qc2 f5 8.exf6 Nxf6 
9.Ng5 e5 10.Bxh7 Qe7 11.Bg6+ Kd7 12.Nf7 Rh4 13.g3 Re4+ 14.Kf1 b5 15.b3 Nd4
16.cxd4 exd4 17.Bxe4 dxe4 18.Ng5 Bb7 19.Kg2 Qe5 20.h4 e3+ 21.f3 Bd6 22.
dxe3 dxe3 23.Bb2 Qxg3+ 24.Kf1 e2+ 25.Qxe2 Re8 26.Qf2 Qf4 27.Nd2 Nd5 28.
Nde4 Ne3+ 29.Ke2 Nf5 30.Rag1 Nh6 31.Bxg7 Nf7 32.Rg4 Qf5 33.Qe3 Ne5 34.Rf4 
Qg6 35.Nf6+ 1-0

[Event "WA State Championship"]
[Site "Legacy House, South Perth"]
[Date "2005.07.03"]
[Round "1"]
[White "Leonhardt, W"]
[Black "Payne, S"]
[Result "1-0"]
[WhiteElo "1916"]
[BlackElo "1630"]
[ECO "E81"]
[EventDate "2005.07.03"]
[TimeControl "5400+60"]

1.d4 Nf6 2.Bg5 g6 3.c4 Bg7 4.Nc3 d6 5.e4 O-O 6.f3 h6 7.Be3 e5 8.dxe5 dxe5 
9.Qc2 c6 10.Qf2 Qa5 11.a3 Nbd7 12.Bd3 b5 13.cxb5 cxb5 14.b4 Qd8 15.Bxb5 a5
16.Qb2 axb4 17.axb4 Rxa1+ 18.Qxa1 Nh5 19.Nge2 Nf4 20.Kf2 Qg5 21.Qf1 Nb8 
22.h4 Qd8 23.Qd1 Qc7 24.Nd5 Nxd5 25.Qxd5 Be6 26.Qc5 Qb7 27.Qb6 Qxb6 28.
Bxb6 Nd7 29.Bc7 Ra8 30.Rd1 Ra7 31.Bxd7 Rxc7 32.Bxe6 fxe6 33.Ke3 Bf8 34.Rb1
Rb7 35.b5 Bc5+ 36.Kd3 Bb6 37.Rb2 Kf7 38.Nc3 Bd4 39.Rb3 Bf2 40.Na4 Bxh4 41.
b6 Bf2 42.Kc4 Bxb6 43.Rxb6 Kf6 44.Rxb7 1-0

[Event "WA State Championship"]
[Site "Legacy House, South Perth"]
[Date "2005.07.03"]
[Round "1"]
[White "Whitehead, P"]
[Black "Kueh, M"]
[Result "0-1"]
[WhiteElo "1610"]
[BlackElo "1860"]
[ECO "A80"]
[EventDate "2005.07.03"]
[TimeControl "5400+60"]

1.d4 f5 2.Nc3 d5 3.Nf3 Nf6 4.Bf4 e6 5.a3 c6 6.e3 Be7 7.Bd3 O-O 8.Qe2 Qb6 
9.O-O Ne4 10.Bxe4 fxe4 11.Ne5 Nd7 12.Rab1 Nxe5 13.Bxe5 Bf6 14.f4 Qd8 15.
Qg4 Qe7 16.Ne2 b6 17.Ng3 Ba6 18.Bxf6 Qxf6 19.Rf2 Qg6 20.Qxg6 hxg6 21.Nh1 
c5 22.c3 cxd4 23.cxd4 Rac8 24.Rd2 Rc7 25.Nf2 Rfc8 26.Ng4 Rc2 27.Rxc2 Rxc2 
28.b4 Bd3 29.Ne5 Re2 30.Rc1 Rxe3 31.Rc8+ Kh7 32.Kf2 Re2+ 33.Kg3 Ra2 34.Nf7
g5 35.Rh8+ Kg6 36.Ne5+ Kf6 37.fxg5+ Kxg5 38.Rf8 g6 39.Nf7+ Kf6 40.Ne5+ Kg7
41.Rf7+ Kg8 42.Rxa7 g5 43.a4 Bf1 44.Rf7 Rxg2+ 45.Kh3 Rf2+ 46.Kg3 Rxf7 47.
Nxf7 Kxf7 48.Kf2 0-1

[Event "WA State Championship"]
[Site "Legacy House, South Perth"]
[Date "2005.07.03"]
[Round "1"]
[White "Fedec, J"]
[Black "O'Donohue, B"]
[Result "1-0"]
[WhiteElo "1829"]
[BlackElo "1592"]
[ECO "B46"]
[EventDate "2005.07.03"]
[TimeControl "5400+60"]

1.e4 c5 2.Nf3 Nc6 3.d4 cxd4 4.Nxd4 e6 5.Nc3 a6 6.Be2 Nge7 7.Be3 Nxd4 8.
Bxd4 Nc6 9.Be3 Be7 10.O-O O-O 11.f4 b5 12.Bf3 Bb7 13.Qe1 Rc8 14.Qf2 Na5 
15.Kh1 Nc4 16.Bd4 Qc7 17.Qg3 f6 18.Rac1 Bc5 19.Bxc5 Qxc5 20.Nd1 Nd2 21.Re1
f5 22.Nf2 Rf6 23.Nd3 Qc7 24.e5 Rg6 25.Qf2 Ne4 26.Qe3 Qd8 27.Nf2 Nxf2+ 28.
Qxf2 Bxf3 29.Qxf3 Rc4 30.g3 Qc8 31.Red1 Kf7 32.c3 Ke7 33.Rd6 Re4 34.Qd3 
Qb7 35.Kg1 Rxf4 36.Qe3 Re4 37.Qc5 Rc4 38.Qf2 f4 39.Rcd1 fxg3 40.Rxd7+ Qxd7
41.Rxd7+ Kxd7 42.hxg3 Rcg4 43.Qa7+ Ke8 44.Qxa6 Rxg3+ 45.Kf1 Rg1+ 46.Ke2 
R1g2+ 47.Kd3 R6g3+ 48.Kd4 Rd2+ 49.Kc5 Rd5+ 50.Kb4 Rg4+ 51.Kb3 Rxe5 52.Qc6+
Ke7 53.Qb7+ Kd6 54.Qb8+ Kd5 55.Qxb5+ Ke4 56.Qe2+ Kf5 57.Qd3+ Ree4 58.a4 
Kf6 59.a5 h5 60.a6 Ra4 61.Qd8+ Kf5 62.Qb6 g5 63.a7 h4 64.Qb5+ e5 65.Qxa4 
Rxa4 66.Kxa4 g4 67.a8=Q h3 68.Qa7 g3 69.Qe3 h2 70.Qf3+ 1-0

[Event "WA State Championship"]
[Site "Legacy House, South Perth"]
[Date "2005.07.03"]
[Round "1"]
[White "Holland, D"]
[Black "Dunlop, G"]
[Result "0-1"]
[WhiteElo "1588"]
[BlackElo "1825"]
[ECO "D30"]
[EventDate "2005.07.03"]
[TimeControl "5400+60"]

1.d4 d5 2.c4 e6 3.Nf3 Nf6 4.Nbd2 Be7 5.e3 O-O 6.Bd3 b6 7.O-O Bb7 8.b3 Nbd7
9.Bb2 Rc8 10.Qe2 c5 11.Rac1 Re8 12.Rfd1 cxd4 13.exd4 Nf8 14.Ne5 Ng6 15.g3 
Bd6 16.a3 Qe7 17.b4 Bb8 18.c5 bxc5 19.dxc5 Red8 20.Ndf3 Nxe5 21.Nxe5 Nd7 
22.Nxd7 Rxd7 23.Bb5 Rdd8 24.Rc2 Bc6 25.Rdc1 d4 26.Rd2 Bxb5 27.Qxb5 e5 28.
Re1 Qg5 29.Rde2 d3 30.f4 Qg4 31.Rd2 exf4 32.Rxd3 h5 33.Rxd8+ Rxd8 34.Re8+ 
Rxe8 35.Qxe8+ Kh7 36.Qxb8 Qd1+ 37.Kf2 Qd2+ 38.Kf1 f3 39.Qe5 Qg2+ 40.Ke1 
f2+ 41.Kd2 f1=Q+ 42.Kc3 Qgf3+ 0-1

[Event "WA State Championship"]
[Site "Legacy House, South Perth"]
[Date "2005.07.03"]
[Round "1"]
[White "Patron, A"]
[Black "Garcia, M"]
[Result "1/2-1/2"]
[WhiteElo "1820"]
[BlackElo "1454"]
[ECO "D82"]
[EventDate "2005.07.03"]
[TimeControl "5400+60"]

1.d4 Nf6 2.c4 g6 3.Nc3 d5 4.Bf4 c6 5.e3 Bg7 6.h3 O-O 7.Nf3 Nbd7 8.a3 a6 9.
Rc1 dxc4 10.Bxc4 b5 11.Ba2 Bb7 12.O-O e6 13.e4 h6 14.Qd2 Kh7 15.Bb1 Nb6 
16.b3 Rc8 17.Qe2 Qe7 18.Be3 Nbd7 19.e5 Nd5 20.Ne4 Ba8 21.Nd6 Rcd8 22.Bd2 
N7b6 23.g3 Rxd6 24.exd6 Qxd6 25.Ne5 Qxa3 26.Nxc6 Bxc6 27.Rxc6 Qxb3 28.Be4 
Qa3 29.h4 Kg8 30.Rfc1 Bxd4 31.Bxh6 Qxg3+ 32.Kf1 Qh3+ 33.Bg2 Qxh4 34.Bxf8 
Kxf8 35.Qf3 Nc4 36.R1xc4 bxc4 37.Rxc4 Qf6 38.Ra4 Qxf3 39.Bxf3 Bc3 40.Bxd5 
exd5 41.Rxa6 d4 42.Ke2 Kg7 43.Rc6 f6 44.Kf3 g5 45.Ke4 Kg6 46.f3 Bb2 47.Re6
d3 48.Kxd3 Kf5 49.Rb6 Be5 50.Rb4 Bf4 51.Rb5+ Be5 52.Ke3 Kg6 53.Ke4 Kh5 54.
Kf5 Kh4 55.Rb3 Ba1 56.Rb1 Be5 57.Rg1 Kh3 58.Rg4 Bc3 59.f4 Bd2 60.fxg5 fxg5
61.Ra4 Bf4 62.Ra3+ Kh4 63.Rf3 Bd2 64.Rf2 Bf4 65.Rxf4+ 1/2-1/2

[Event "WA State Championship"]
[Site "Legacy House, South Perth"]
[Date "2005.07.03"]
[Round "1"]
[White "Markou, V"]
[Black "Kurniawan, S"]
[Result "0-1"]
[WhiteElo "1452"]
[BlackElo "1800"]
[ECO "B50"]
[EventDate "2005.07.03"]
[TimeControl "5400+60"]

1.e4 c5 2.Nf3 d6 3.d3 Nc6 4.g3 Nf6 5.Bg2 g6 6.O-O Bg7 7.Re1 O-O 8.Nbd2 Be6
9.Nf1 Qc7 10.c3 Bg4 11.Ne3 Bxf3 12.Bxf3 e5 13.Bd2 b5 14.Qc1 Qd7 15.Bg2 
Rab8 16.Nc2 c4 17.dxc4 bxc4 18.Ne3 Na5 19.Bf1 Nxe4 20.Nxc4 Nxc4 21.Bxc4 d5
22.Bb3 Qf5 23.Be3 Qd7 24.Qd1 Rbd8 25.Qd3 Qb7 26.Rad1 d4 27.cxd4 exd4 28.
Bc1 Nc5 29.Qc4 Nxb3 30.Qxb3 Qd7 31.Rd3 Rfe8 32.Qd1 Rxe1+ 33.Qxe1 Re8 34.
Qd1 Qe6 35.b3 Qe1+ 36.Kg2 Qa5 37.Bb2 Rd8 38.a3 h5 39.b4 Qd5+ 40.f3 Qa2 41.
Qd2 Qc4 42.Kf2 h4 43.Ke2 hxg3 44.hxg3 Qe6+ 45.Kd1 Qh3 46.g4 Qg3 47.b5 Qg1+
48.Kc2 Rc8+ 49.Kb3 Qb1 50.Qe2 Rc3+ 51.Ka4 Rxd3 0-1

[Event "WA State Championship"]
[Site "Legacy House, South Perth"]
[Date "2005.07.03"]
[Round "1"]
[White "Viswanath, G"]
[Black "Klimczak, J"]
[Result "1-0"]
[WhiteElo "1732"]
[BlackElo "1366"]
[ECO "E74"]
[EventDate "2005.07.03"]
[TimeControl "5400+60"]

1.d4 Nf6 2.c4 g6 3.Nc3 Bg7 4.e4 d6 5.Be2 O-O 6.Bg5 c5 7.d5 Nbd7 8.Qd2 Qb6 
9.O-O-O a6 10.f4 Re8 11.g4 e6 12.dxe6 fxe6 13.Qxd6 Qxd6 14.Rxd6 h6 15.Bh4 
Bf8 16.Rd2 Nh7 17.Bf3 Nb6 18.b3 Kf7 19.Bg3 Be7 20.h4 Rd8 21.Rf2 Kg7 22.f5 
exf5 23.Bc7 Nd7 24.Bxd8 Bxd8 25.exf5 Ne5 26.Be2 Nf6 27.g5 hxg5 28.hxg5 
Nfg4 29.f6+ Kf7 30.Rh7+ Kg8 31.f7+ Nxf7 32.Rhxf7 Bxg5+ 33.Kb2 Nxf2 34.Rxf2
Be3 35.Rg2 Bf5 36.Nf3 Kg7 37.Nh4 Kh6 38.Bf3 Rb8 39.Nxf5+ gxf5 40.Nd5 Bd4+ 
41.Kc2 b5 42.Kd3 bxc4+ 43.Kxc4 a5 44.a3 Rb7 45.Ne3 Rf7 46.Bd5 Rf6 47.Nc2 
Rb6 48.Nxd4 cxd4 49.Kxd4 Rb8 50.Ke5 Rf8 51.Be6 f4 52.Bf5 Rb8 53.Be6 Rf8 
54.Bd5 Kh5 55.Bf3+ Kh6 56.Rg4 Rb8 57.Bd5 f3 58.Rf4 Re8+ 59.Be6 Rb8 60.Rxf3
Rb5+ 61.Kd4 Rb6 62.Bd5 Rb8 63.Rf6+ Kg5 64.Ra6 Rb5 65.Kc4 Rb8 66.Rxa5 Kf6 
67.Rc5 Ke7 68.b4 Kd6 69.Rc6+ Kd7 70.b5 Rb7 71.Rd6+ Kxd6 72.Bxb7 Kc7 73.Ba6
Kb6 74.a4 Ka7 75.Kc5 Kb8 76.Kb6 Ka8 77.Bb7+ Kb8 1-0

[Event "WA State Championship"]
[Site "Legacy House, South Perth"]
[Date "2005.07.03"]
[Round "1"]
[White "Tomic, N"]
[Black "Laugery, B"]
[Result "1-0"]
[WhiteElo "1705"]
[BlackElo "1377"]
[ECO "C15"]
[EventDate "2005.07.03"]
[TimeControl "5400+60"]

1.e4 e6 2.Nc3 d5 3.d4 Bb4 4.Qg4 Bf8 5.e5 f5 6.exf6 Nxf6 7.Qg5 Ng8 8.Qg3 
Qd7 9.Nf3 Bd6 10.Qg5 Qe7 11.Bd3 Qxg5 12.Nxg5 Nf6 13.Nb5 Bb4+ 14.c3 Ba5 15.
Bf4 a6 16.Nxc7+ Bxc7 17.Bxc7 O-O 18.O-O-O h6 19.Nf3 Nc6 20.Rde1 Rf7 21.Be5
Bd7 22.Bg6 Rff8 23.Bd6 Rfc8 24.h3 Be8 25.Bc2 Bf7 26.g4 Rd8 27.Ba3 Rd7 28.
g5 hxg5 29.Nxg5 Re8 30.Re3 Nd8 31.Bc5 Rc7 32.Rhe1 Rc6 33.Ba4 b5 34.Bc2 Nb7
35.b4 Nxc5 36.bxc5 Re7 37.a4 Ne8 38.h4 Nc7 39.f4 Re8 40.axb5 axb5 41.Bd3 
Re7 42.f5 Re8 43.Kd2 Re7 44.fxe6 Bxe6 45.Nxe6 Rcxe6 46.Rxe6 Rxe6 47.Rxe6 
Nxe6 48.Bxb5 Nc7 49.c4 Kf8 50.Kc3 Ke7 51.Bc6 dxc4 52.Kxc4 Na6 53.d5 Nb8 
54.Kb5 Kd8 55.Kb6 Kc8 56.Bb5 Nd7+ 57.Bxd7+ Kxd7 58.c6+ 1-0

[Event "WA State Championship"]
[Site "Legacy House, South Perth"]
[Date "2005.07.03"]
[Round "1"]
[White "Walker, C"]
[Black "Rados, P"]
[Result "1/2-1/2"]
[WhiteElo "1353"]
[BlackElo "1723"]
[ECO "D02"]
[EventDate "2005.07.03"]
[TimeControl "5400+60"]

1.d4 e6 2.Nf3 d5 3.g3 Nf6 4.Bg2 Be7 5.Nbd2 O-O 6.Ne5 Nbd7 7.Ndf3 c5 8.c3 
cxd4 9.Nxd7 Bxd7 10.Qxd4 Qc7 11.Bf4 Qc5 12.Be5 Qxd4 13.Bxd4 Bb5 14.a4 Bc4 
15.Ne5 Rfc8 16.Nxc4 Rxc4 17.Bxf6 Bxf6 18.O-O Rac8 19.e3 R8c6 20.Rfd1 Rb6 
21.Rd2 Ra6 22.Rb1 Rcxa4 23.Rdd1 Rb6 24.Bf1 Ra2 25.c4 dxc4 26.Bxc4 Raxb2 
27.Ra1 a6 28.Bf1 g6 29.Rac1 Rc6 30.Rxc6 bxc6 31.Bxa6 Rc2 32.Kg2 c5 33.Rd7 
c4 34.Rc7 c3 35.Bd3 Rd2 36.Bb1 Kg7 37.Kf3 Be5 38.Rc6 Kf6 39.h4 h5 40.Rc4 
Ke7 41.Rc8 Kd7 42.Rc4 Kd6 43.Rc8 Kd7 44.Rc4 f5 45.Rc5 Bf6 46.Rc4 e5 47.e4 
Rb2 48.Bd3 Rb3 49.Bc2 Ra3 50.Ke3 f4+ 51.Kd3 Ra1 52.Rxc3 fxg3 53.fxg3 Rg1 
54.Ke2 Bd8 55.Ba4+ Ke6 56.Bc6 Bb6 57.Rf3 Rg2+ 58.Kf1 Rg1+ 59.Ke2 Rg2+ 60.
Kf1 1/2-1/2

[Event "WA State Championship"]
[Site "Legacy House, South Perth"]
[Date "2005.07.03"]
[Round "1"]
[White "O'Shaughnessy, D"]
[Black "Johnstone, R"]
[Result "0-1"]
[WhiteElo "1303"]
[BlackElo "1702"]
[ECO "C30"]
[EventDate "2005.07.03"]
[TimeControl "5400+60"]

1.e4 e5 2.f4 Nc6 3.Nf3 d6 4.Bc4 Bg4 5.O-O Nd4 6.Bxf7+ Ke7 7.Bb3 Nxf3+ 8.
gxf3 Bh3 9.Nc3 c6 10.fxe5 dxe5 11.d3 Bxf1 12.Bg5+ Nf6 13.Qxf1 h6 14.Qh3 
Qd6 15.Rf1 Re8 16.f4 Kd8 17.fxe5 Qxe5 18.d4 Qxg5+ 0-1

[Event "WA State Championship"]
[Site "Legacy House, South Perth"]
[Date "2005.07.03"]
[Round "1"]
[White "Jahangirian, M"]
[Black "Bailye, R"]
[Result "1-0"]
[WhiteElo "1701"]
[BlackElo "1223"]
[ECO "C62"]
[EventDate "2005.07.03"]
[TimeControl "5400+60"]

1.e4 e5 2.Nf3 Nc6 3.Bb5 d6 4.O-O Bd7 5.c3 Nf6 6.Re1 a6 7.Ba4 Be7 8.d4 b5 
9.Bb3 exd4 10.cxd4 Bg4 11.d5 Ne5 12.Nbd2 O-O 13.h3 Bc8 14.Nxe5 dxe5 15.Nf3
Bd6 16.Bg5 h6 17.Bd2 Bb7 18.Rc1 Rc8 19.Ba5 Qe7 20.a3 c5 21.Bd2 c4 22.Bc2 
Bc5 23.Be3 Nd7 24.Qe2 Rfd8 25.Red1 a5 26.Bb1 Ba6 27.Qd2 Bxe3 28.Qxe3 Nc5 
29.Nd2 Na4 30.Rc2 b4 31.axb4 axb4 32.b3 Nb2 33.Rxb2 c3 34.Ra2 Bb5 35.Nf3 
Qd6 36.Bc2 Rc7 37.Rda1 Qc5 38.Qxc5 Rxc5 39.Nxe5 f6 40.Nd3 Bxd3 41.Bxd3 
Rdc8 42.Bc2 h5 43.Kf1 Rf8 44.Ra8 Rcc8 45.Rxc8 Rxc8 46.Ke2 Kf7 47.Kd3 Rc7 
48.Ra4 g5 49.Rxb4 h4 50.Rc4 Ra7 51.Ke2 Ra1 52.Rxc3 Ke7 53.Bd3 Kd6 54.Ke3 
Ke5 55.Rc6 Re1+ 56.Be2 Rxe2+ 57.Kxe2 Kxe4 58.d6 Kd5 59.Ra6 Ke6 60.d7+ Kxd7
61.Rxf6 Ke7 62.Ra6 Kd7 63.Kf3 1-0

[Event "WA State Championship"]
[Site "Legacy House, South Perth"]
[Date "2005.07.03"]
[Round "1"]
[White "Slack-Smith, B"]
[Black "Lubtschenko, W"]
[Result "0-1"]
[WhiteElo "1213"]
[BlackElo "1693"]
[ECO "B03"]
[EventDate "2005.07.03"]
[TimeControl "5400+60"]

1.e4 Nf6 2.e5 Nd5 3.d4 d6 4.exd6 exd6 5.Bc4 Be6 6.c3 Nc6 7.Qe2 Be7 8.Nf3 
O-O 9.Qe4 Nf6 10.Qe2 d5 11.Bd3 Bg4 12.O-O Bd6 13.h3 Re8 14.Qd1 Bh5 15.Bg5 
h6 16.Bh4 g5 17.Bg3 Ne4 18.Bxd6 Qxd6 19.g4 Bg6 20.Bxe4 dxe4 21.Nh2 e3 22.
Qe2 exf2+ 23.Qxf2 Re7 24.Re1 Rae8 25.Nd2 Qd5 26.Rxe7 Rxe7 27.Qf3 Qb5 28.b3
Qe2 29.Qf2 Qd3 30.Nhf3 Qxc3 31.Rd1 Qc2 32.Re1 Rxe1+ 33.Qxe1 Qd3 34.Qf1 
Qxf1+ 35.Kxf1 f5 36.Kf2 fxg4 37.hxg4 Kg7 38.Nc4 Bb1 39.a3 Ba2 40.Ncd2 Na5 
41.b4 Nc6 42.Ke3 Bd5 43.Ne4 h5 44.b5 Ne7 45.a4 b6 46.Ne5 Bb3 47.Nc3 Nd5+ 
48.Kd3 Nxc3 49.Kxc3 0-1

[Event "WA State Championship"]
[Site "Legacy House, South Perth"]
[Date "2005.07.03"]
[Round "1"]
[White "Maris, N"]
[Black "Taylor, P"]
[Result "1/2-1/2"]
[WhiteElo "1669"]
[BlackElo "1100"]
[ECO "B21"]
[EventDate "2005.07.03"]
[TimeControl "5400+60"]

1.e4 c5 2.d4 cxd4 3.c3 dxc3 4.Nxc3 Nc6 5.Nf3 g6 6.Bc4 Bg7 7.O-O e6 8.Bf4 
Nge7 9.Qd2 b6 10.Nb5 O-O 11.Nd6 e5 12.Bh6 a6 13.Bxg7 Kxg7 14.Qc3 f6 15.a3 
Qc7 16.Qd3 b5 17.Ba2 Bb7 18.Rac1 Nc8 19.Nxb7 Qxb7 20.Rfd1 Nb6 21.Qd6 Rac8 
22.h4 Qc7 23.Qd2 Rfd8 24.h5 d6 25.h6+ Kh8 26.Be6 Rb8 27.Qc3 Qe7 28.Qxc6 
Qxe6 29.Qc7 Qd7 30.Qxd7 Rxd7 31.Rc6 Kg8 32.Rdxd6 Rxd6 33.Rxd6 Kf7 34.Rc6 
g5 35.b3 a5 36.Kh2 a4 37.bxa4 bxa4 38.Kh3 Nd7 39.Rc7 Ke6 40.Ra7 Nc5 41.
Rxh7 Nxe4 42.Ra7 Nxf2+ 43.Kg3 Ne4+ 44.Kg4 Rh8 45.h7 f5+ 46.Kh5 Rxh7+ 47.
Rxh7 Nf6+ 48.Kg6 Nxh7 49.Kxh7 g4 50.Ne1 f4 51.Kg6 g3 52.Kg5 Kd5 53.Kf5 Kd4
54.Nf3+ Ke3 55.Kxe5 Kf2 56.Kxf4 Kxg2 57.Ke3 Kf1 58.Nh4 g2 59.Nxg2 Kxg2 60.
Kd4 Kf3 61.Kc4 Ke4 62.Kb4 Kd5 63.Kxa4 Kc6 64.Ka5 Kb7 65.Kb5 Ka7 66.a4 Kb7 
67.a5 Ka7 68.a6 Kb8 1/2-1/2

[Event "WA State Championship"]
[Site "Legacy House, South Perth"]
[Date "2005.07.10"]
[Round "2"]
[White "Kurniawan, S"]
[Black "Barber, H"]
[Result "0-1"]
[WhiteElo "1800"]
[BlackElo "2143"]
[ECO "B21"]
[EventDate "2005.07.03"]
[TimeControl "5400+60"]

1.e4 c5 2.d4 cxd4 3.c3 Nf6 4.Bc4 Nc6 5.Bd5 dxc3 6.Nxc3 e6 7.Bb3 Be7 8.Nf3 
d6 9.O-O a6 10.Qe2 O-O 11.Rd1 Qc7 12.Bg5 h6 13.Bh4 Bd7 14.Rac1 Qb8 15.e5 
Nd5 16.Bxe7 Ncxe7 17.Bxd5 Nxd5 18.Nxd5 exd5 19.Rxd5 Bb5 20.Qd2 dxe5 21.
Nxe5 Rd8 22.h3 Be8 23.Rc3 b5 24.Rg3 Rxd5 25.Qxd5 Qd8 26.Qf3 Rc8 27.Qg4 
Rc1+ 28.Kh2 Qg5 29.Qe2 Qe7 30.Qd2 Rc5 31.f4 Qc7 32.Qd4 f6 33.b4 Rc1 34.
Qd5+ Bf7 35.Nxf7 Qxf7 36.Qa8+ Kh7 37.Qxa6 Qd7 38.Qa3 Rd1 39.Qe3 h5 40.Qf3 
g6 41.f5 h4 42.fxg6+ Kg7 43.Rg4 Qd6+ 44.Qf4 Qb6 45.Rxh4 Qg1+ 46.Kg3 Rd3+ 
47.Kg4 Qxg2+ 48.Kf5 Qxg6+ 49.Ke6 Qe8+ 50.Kf5 Qd7+ 51.Ke4 Qd5# 0-1

[Event "WA State Championship"]
[Site "Legacy House, South Perth"]
[Date "2005.07.10"]
[Round "2"]
[White "Hare, T"]
[Black "Viswanath, G"]
[Result "0-1"]
[WhiteElo "2097"]
[BlackElo "1732"]
[ECO "A15"]
[EventDate "2005.07.03"]
[TimeControl "5400+60"]

1.Nf3 Nf6 2.c4 g6 3.g3 Bg7 4.Bg2 O-O 5.O-O c5 6.Nc3 d5 7.cxd5 Nxd5 8.a3 e5
9.e4 Nc7 10.d3 Nc6 11.Bg5 f6 12.Be3 Qd6 13.Rc1 f5 14.exf5 gxf5 15.Ng5 Qg6 
16.Nd5 Nxd5 17.Bxd5+ Kh8 18.Nf3 b6 19.b4 Rd8 20.Qb3 Bb7 21.Ng5 Nd4 22.Nf7+
Qxf7 23.Bxf7 Nxb3 24.Bxb3 Rxd3 25.Bc2 Rxa3 26.bxc5 f4 27.gxf4 exf4 28.Bxf4
Bd4 29.cxb6 Rh3 30.Rfd1 Rg8+ 31.Kf1 Ba6+ 32.Bd3 Rxd3 33.Rxd3 Bxd3+ 0-1

[Event "WA State Championship"]
[Site "Legacy House, South Perth"]
[Date "2005.07.10"]
[Round "2"]
[White "Johnstone, R"]
[Black "Ellis, D"]
[Result "1/2-1/2"]
[WhiteElo "1702"]
[BlackElo "1981"]
[ECO "B00"]
[EventDate "2005.07.03"]
[TimeControl "5400+60"]

1.e4 Nc6 2.Nf3 e6 3.d4 d5 4.e5 f6 5.Bb5 Bd7 6.Bxc6 bxc6 7.O-O c5 8.c3 cxd4
9.cxd4 c5 10.Re1 Qb6 11.b3 cxd4 12.Nxd4 Bc5 13.Bb2 Ne7 14.exf6 gxf6 15.Qd2
O-O 16.Na3 Bb4 17.Qe2 Bxe1 18.Rxe1 e5 19.Nac2 Ng6 20.Nf3 Nf4 21.Qd2 Bg4 
22.Nxe5 fxe5 23.Bxe5 Rae8 24.Bxf4 Rxe1+ 25.Nxe1 Qe6 26.Be3 Rc8 27.h3 Bf5 
28.Qd1 Qe4 29.Kh2 a5 30.Kg1 Bg6 31.Kh2 Re8 32.Nf3 Rf8 33.Qd2 Ra8 34.Nd4 
Qe5+ 35.Bf4 Qe4 36.Be3 Qe5+ 37.Bf4 Qe4 38.Be3 Bf5 39.Nxf5 Qxf5 40.Bd4 Rc8 
41.Bc3 Rf8 42.Qd1 h5 43.Kh1 Qxf2 44.Qxd5+ Qf7 45.Qg5+ Kh7 46.Qxa5 Qf1+ 47.
Kh2 Qf4+ 48.Kg1 Rf5 49.Qa7+ Rf7 50.Qc5 Qf1+ 51.Kh2 Qf4+ 52.Kh1 Qc1+ 53.Kh2
Qf4+ 1/2-1/2

[Event "WA State Championship"]
[Site "Legacy House, South Perth"]
[Date "2005.07.10"]
[Round "2"]
[White "Lubtschenko, W"]
[Black "Leonhardt, W"]
[Result "0-1"]
[WhiteElo "1693"]
[BlackElo "1916"]
[ECO "D03"]
[EventDate "2005.07.03"]
[TimeControl "5400+60"]

1.d4 Nf6 2.Bg5 d5 3.Nf3 Bf5 4.c4 Ne4 5.Bf4 e6 6.Qb3 b6 7.Ne5 c6 8.e3 Be7 
9.Qa4 O-O 10.f3 Nf6 11.g4 Bg6 12.Nd2 dxc4 13.Qxc4 Nd5 14.Kf2 Nxf4 15.exf4 
c5 16.Nb3 Bh4+ 17.Kg2 Nd7 18.Be2 Nf6 19.Rad1 Nd5 20.Qc1 cxd4 21.Nxd4 Rc8 
22.Qd2 Qd6 23.Nb5 Qe7 24.Nd4 f6 25.Nxg6 hxg6 26.Nxe6 Qxe6 27.Qxd5 Qxd5 28.
Rxd5 Rc2 29.Kf1 Re8 30.f5 Rexe2 31.fxg6 Re1# 0-1

[Event "WA State Championship"]
[Site "Legacy House, South Perth"]
[Date "2005.07.10"]
[Round "2"]
[White "Kueh, M"]
[Black "Tomic, N"]
[Result "1-0"]
[WhiteElo "1858"]
[BlackElo "1704"]
[ECO "A03"]
[EventDate "2005.07.03"]
[TimeControl "5400+60"]

1.f4 d5 2.e3 g6 3.Nf3 h5 4.c4 e6 5.Nc3 Nf6 6.d4 c6 7.c5 b5 8.a3 a5 9.Bd3 
h4 10.Ne5 Ng8 11.Qc2 f5 12.Nxb5 Ne7 13.Nd6+ Qxd6 14.cxd6 Ng8 15.Nxc6 Bxd6 
16.Ne5 Bd7 17.Nxg6 Rh6 18.Ne5 Bxe5 19.fxe5 Ne7 20.e4 Rg6 21.exf5 exf5 22.
Be3 Nbc6 23.Qf2 Rb8 24.Rb1 Nd8 25.Rg1 Nf7 26.g4 Rxg4 27.Rxg4 fxg4 28.b4 
axb4 29.axb4 h3 30.Kf1 Nh8 31.Qf6 Ng8 32.Qxh8 Kf7 33.Qh7+ 1-0

[Event "WA State Championship"]
[Site "Legacy House, South Perth"]
[Date "2005.07.10"]
[Round "2"]
[White "Dunlop, G"]
[Black "Jahangirian, M"]
[Result "0-1"]
[WhiteElo "1823"]
[BlackElo "1701"]
[ECO "B46"]
[EventDate "2005.07.03"]
[TimeControl "5400+60"]

1.e4 c5 2.Nf3 Nc6 3.d4 cxd4 4.Nxd4 Nf6 5.Nc3 a6 6.Be2 e6 7.Bg5 Be7 8.f4 
O-O 9.Qd2 Ne8 10.Nxc6 bxc6 11.Bxe7 Qxe7 12.e5 f5 13.O-O-O Rb8 14.g4 Qb4 
15.b3 fxg4 16.Bc4 Qa3+ 17.Kb1 Qb4 18.Ka1 d5 19.exd6 Nxd6 20.Qxd6 Qxc3+ 21.
Kb1 Bb7 22.Bxe6+ Kh8 23.Rd3 Qf6 24.Rhd1 h5 25.f5 a5 26.Qc7 a4 27.Qa5 Ra8 
28.Qc3 Qxc3 29.Rxc3 axb3 30.cxb3 Rad8 31.Rxd8 Rxd8 32.Kc2 Kh7 33.h3 Kh6 
34.hxg4 hxg4 35.Rd3 Rxd3 36.Kxd3 Kg5 37.Ke3 c5 38.Kf2 Kf4 39.a4 g3+ 40.Kg1
Ke5 41.Bc4 g2 42.a5 Kd6 43.Be2 Kc7 44.Bg4 Bd5 45.Bh3 Bxb3 46.Bxg2 Bc2 47.
Kf2 Bxf5 48.Ke3 Bd7 49.Kd3 Bb5+ 50.Kc3 Kb8 51.Bd5 Ka7 52.Kd2 Ka6 53.Ke3 
Kxa5 54.Be4 Kb4 55.Kf4 c4 56.Kg5 Be8 57.Kf5 Kb3 58.Bd5 Kc3 59.Ke5 Kd3 60.
Be4+ Kd2 0-1

[Event "WA State Championship"]
[Site "Legacy House, South Perth"]
[Date "2005.07.10"]
[Round "2"]
[White "Rados, P"]
[Black "Choong, Y"]
[Result "0-1"]
[WhiteElo "1723"]
[BlackElo "1633"]
[ECO "A40"]
[EventDate "2005.07.03"]
[TimeControl "5400+60"]

1.d4 g6 2.Nf3 Bg7 3.Bg5 f5 4.h3 d6 5.Nbd2 h6 6.Bf4 g5 7.Bh2 g4 8.hxg4 fxg4
9.Nh4 Bxd4 10.c3 Bf6 11.Ng6 Rh7 12.Qc2 Rf7 13.e3 e5 14.Bc4 d5 15.Bb3 Qd6 
16.Bg3 Bg7 17.Rh5 Nd7 18.O-O-O Ne7 19.Nxe7 Rxe7 20.Qd3 c6 21.Bc2 Nf8 22.
Qe2 Qf6 23.Bh4 Qf7 24.Bxe7 Qxh5 25.Ba3 Bf6 26.Rg1 Be7 27.Bxe7 Kxe7 28.Qe1 
Ne6 29.Rh1 Qg5 30.Rh2 Ng7 31.f4 gxf3 32.Nxf3 Qf6 33.Qh4 Qxh4 34.Rxh4 e4 
35.Nd4 c5 36.Nb5 Nf5 37.Rh5 Be6 38.Kd2 a6 39.Nc7 Rg8 40.Nxd5+ Bxd5 41.Rxf5
Rxg2+ 42.Kc1 Ke6 43.Rh5 Rg6 44.c4 Bc6 45.Kd2 b6 46.a3 Kf6 47.b4 cxb4 48.
axb4 Kf7 49.Kc3 Re6 50.c5 Kg6 51.Bd1 bxc5 52.Rxc5 Bb5 53.Bh5+ Kf6 54.Kd4 
Bd3 55.Bg4 Rd6+ 56.Kc3 Bb5 57.Rf5+ Kg6 58.Re5 Rd3+ 59.Kc2 Rxe3 60.Bc8 Re2+
61.Kd1 Bd3 62.Bxa6 Bxa6 63.Re6+ Kg5 64.Rxa6 Rb2 65.Rb6 h5 66.Kc1 Rf2 67.
Re6 Kf4 68.b5 Ke3 69.Rh6 Rf5 70.b6 Rb5 71.b7 Rxb7 72.Rxh5 Rd7 73.Rh3+ Kf2 
74.Rh2+ Kg3 75.Re2 Kf3 76.Rh2 e3 77.Rh3+ Kf2 78.Rh2+ Kg3 79.Rh6 e2 80.Rg6+
Kf4 81.Rg1 Kf3 82.Rh1 Kg2 0-1